 Dungeon Crawl Stone Soup version 0.31-a0-229-g1fc7ce93e2 (webtiles) character file.

Game seed: 8818968543002819555

404 innerfire43 the Trooper (level 6, -7/51 HPs)
             Began as a Demonspawn Monk on July 6, 2023.
             Mangled by a gnoll
             ... wielding a +0 whip
              (8 damage)
             ... on level 5 of the Dungeon.
             The game lasted 00:03:44 (2940 turns).

innerfire43 the Trooper (Demonspawn Monk)           Turns: 2940, Time: 00:03:45

Health: -7/51      AC:  7    Str: 13    XL:     6   Next: 56%
Magic:  6/6        EV: 15    Int: 12    God:
Gold:   148        SH:  0    Dex: 21    Spells: 5/5 levels left

rFire   . . .        a - +0 hand axe
rCold   . . .        d - orb {light}
rNeg    . . .        b - +0 robe
rPois   .            e - +1 helmet
rElec   .            (no cloak)
rCorr   .            (no gloves)
SInv    .            j - +0 pair of boots
Will    .....        (no amulet)
Stlth   +            m - +6 ring of dexterity
HPRegen 0.28/turn    (no ring)
MPRegen 0.10/turn

%: no passive effects
@: about to teleport, glowing
A: claws 1, slimy green scales 1, powered by pain 1
a: no special abilities


You were on level 5 of the Dungeon.
You visited 1 branch of the dungeon, and saw 5 of its levels.

You collected 148 gold pieces.

Inventory:

Hand Weapons
 a - a +0 hand axe (weapon)
Missiles
 i - 3 boomerangs of dispersal
Armour
 b - a +0 robe (worn)
 d - an orb of light (worn)
 e - a +1 helmet (worn)
 j - a +0 pair of boots (worn)
Jewellery
 m - a +6 ring of dexterity (left claw)
Wands
 l - a wand of flame (13)
Scrolls
 g - 2 scrolls of teleportation
Potions
 f - 2 potions of degeneration


   Skills:
 + Level 5.0 Fighting
 + Level 4.4 Axes
 + Level 4.4 Dodging


You had 5 spell levels left.
You didn't know any spells.
Your spell library contained the following spells:

 Spells                   Type           Power      Damage    Failure   Level
 Summon Small Mammal      Summ           0%         N/A       32%         1
 Call Canine Familiar     Summ           0%         N/A       69%         3
 Summon Guardian Golem    Hex/Summ       0%         N/A       69%         3


Dungeon Overview and Level Annotations

Branches:
Dungeon (6/15)
 Temple: D:4-7

Altars:
Kikubaaqudgha
Ru
Vehumet
Xom

Portals:
Sewer: D:3


Innate Abilities, Weirdness & Mutations

You have sharp fingernails.
You are partially covered in slimy green scales. (AC +2)
You sometimes gain a little power by taking damage.


Message History

Unknown command.
You hit the gnoll but do no damage.
The gnoll is heavily wounded.
You hit the gnoll. The gnoll misses you. The gnoll closely misses you.
Unknown command.
You hit the gnoll.
The gnoll is severely wounded.
You hit the gnoll but do no damage. The gnoll barely misses you.
The gnoll hits you with a +0 whip.
Unknown command.
You hit the gnoll but do no damage.
The gnoll is severely wounded.
You hit the gnoll but do no damage. x2; The gnoll hits you with a +0 whip. x2
The gnoll hits you but does no damage.
Unknown command.
You hit the gnoll but do no damage.
The gnoll is severely wounded.
You hit the gnoll. x2; The gnoll hits you with a +0 whip.
The gnoll hits you with a +0 mace! The gnoll hits you with a +0 whip.
* * * LOW HITPOINT WARNING * * *
The gnoll hits you but does no damage. The gnoll closely misses you.
The gnoll hits you with a +0 whip.
* * * LOW HITPOINT WARNING * * *
The gnoll hits you with a +0 mace!
* * * LOW HITPOINT WARNING * * *
Unknown command.
It was a potion of curing.
You feel better. The gnoll closely misses you.
The gnoll hits you with a +0 whip.
* * * LOW HITPOINT WARNING * * *
The gnoll hits you but does no damage. The gnoll hits you with a +0 club.
* * * LOW HITPOINT WARNING * * *
As you read the scroll of teleportation, it crumbles to dust.
You feel strangely unstable. The gnoll hits you with a +0 mace.
* * * LOW HITPOINT WARNING * * *
The gnoll barely misses you. The gnoll hits you but does no damage.
The gnoll closely misses you.
Unknown command.
The gnoll attacks as you move away! The gnoll hits you but does no damage.
The gnoll barely misses you. The gnoll hits you with a +0 whip!
You die...

..# #.# #.. #.# # ##.# .#
##..##.#.## ..###..........
8.....ggg# #.# ...###.g@## #.#
#.# ##..# #.# ### #.# ##.# #.#
#.. ##.## #.# ##.#########.#
##...## #.###....†........
#.####.....####.##.....#######..
#.....b.........###...## ##.#
#................## ##.##
###.###...######.# #.##


You could see 4 gnolls.

Vanquished Creatures
  Grinder (D:5)
  A scorpion (D:5)
  Natasha (thrice) (D:2)
  2 adders
  A worm (D:2)
  A dart slug (D:2)
  An orc (D:3)
  3 endoplasms (D:1)
  4 giant cockroaches
  7 goblins
  4 hobgoblins
  4 jackals (D:2)
  A kobold (D:3)
  2 quokkas
  6 ball pythons
  7 bats
  3 frilled lizards (D:1)
  3 rats
54 creatures vanquished.

Notes
Turn   | Place    | Note
-------+----------+-------------------------------------------
     0 | D:1      | innerfire43 the Demonspawn Monk began the quest for the
                  | Orb.
     0 | D:1      | Reached XP level 1. HP: 18/18 MP: 1/1
   177 | D:1      | Gained mutation: You are partially covered in slimy green
                  | scales. (AC +2) [demonic ancestry]
   177 | D:1      | Reached XP level 2. HP: 22/24 MP: 2/2
   914 | D:2      | Reached XP level 3. HP: 16/29 MP: 3/3
  1134 | D:2      | Noticed Natasha
  1148 | D:2      | Killed Natasha
  1228 | D:2      | Noticed Natasha
  1240 | D:2      | HP: 1/30 [cerulean imp/+1 spear[Natasha] (3)]
  1242 | D:2      | Killed Natasha
  1243 | D:2      | Gained mutation: You have sharp fingernails. [demonic
                  | ancestry]
  1243 | D:2      | Reached XP level 4. HP: 11/37 MP: 4/4
  1414 | D:2      | Noticed Natasha
  1436 | D:2      | Killed Natasha
  1437 | D:2      | Reached skill level 4 in Fighting
  2213 | D:3      | Found a shimmering altar of Xom.
  2228 | D:3      | Found a radiant altar of Vehumet.
  2400 | D:3      | Gained mutation: You sometimes gain a little power by
                  | taking damage. [demonic ancestry]
  2400 | D:3      | Reached XP level 5. HP: 42/42 MP: 5/5
  2412 | D:3      | Found a glowing drain.
  2525 | D:3      | You fall into a shaft and drop 3 floors!
  2556 | D:6      | Found a sacrificial altar of Ru.
  2576 | D:5      | Entered Level 5 of the Dungeon
  2586 | D:5      | Found an ancient bone altar of Kikubaaqudgha.
  2612 | D:5      | Noticed Grinder
  2619 | D:5      | Paralysed by Grinder for 3 turns
  2627 | D:5      | Paralysed by Grinder for 2 turns
  2630 | D:5      | Killed Grinder
  2631 | D:5      | Reached XP level 6. HP: 20/50 MP: 6/6
  2811 | D:5      | Reached skill level 5 in Fighting
  2937 | D:5      | HP: 2/51 [gnoll/+0 mace (9)]
  2940 | D:5      | Mangled by a gnoll

Illustrated notes

Levels and vault maps discovered:
D:1:      lightli_arrival_maybe_door_vault, layout_basic
D:2:      layout_basic, uniq_natasha
D:3:      minmay_spotlight, layout_basic, mainiacjoe_overflow_alcove_1,
          vehumet_altar_wand_db, ebering_ghost_sewer_d, portal_sewer_entry_f
D:5:      cheibrodos_barr_body, layout_loops_corners, overflow_temple_1_default,
          uniq_grinder
D:6:      layout_rooms, gammafunk_temple_overflow_pools,
          chequers_temple_overflow_statue_of_worship, uniq_edmund

Skill      XL: |  1  2  3  4  5  6 |
---------------+-------------------+-----
Dodging        | 3 4 |  4.4
Axes           | 3 4 |  4.4
Fighting       | 4 5 |  5.0

Action                     |  1- 3 |  4- 6 || total
---------------------------+-------+-------++-------
  Melee: Hand axe          |   100 |   118 ||   218
  Evoke: Wand              |       |     5 ||     5
    Use: Scroll            |     2 |     5 ||     7
         Potion            |     1 |     3 ||     4
   Stab: Sleeping          |     1 |       ||     1
 Armour: Robe              |    37 |    57 ||    94
         Skin              |       |     5 ||     5
  Dodge: Dodged            |    78 |   113 ||   191

Table legend: (Time is in decaauts)
 A = Elapsed time spent in this place.
 B = Non-inter-level travel time spent in this place.
 C = Inter-level travel time spent in this place.
 D = Time resting spent in this place.
 E = Time spent auto-exploring this place.
 F = Levels seen in this place.
 G = Mean time per level.
                   A        B        C        D        E       F      G
               +--------+--------+--------+--------+--------+-----+--------+
         Total |   2989 |   2846 |    143 |      0 |   2347 |   5 |  597.8 |
       Dungeon |   2989 |   2846 |    143 |      0 |   2347 |   5 |  597.8 |
               +--------+--------+--------+--------+--------+-----+--------+

Top non-repeatable levels by time:
     D:2: 1360 daAuts
     D:1: 793 daAuts
     D:3: 417 daAuts
     D:5: 366 daAuts
     D:6: 50 daAuts
